 Dungeon Crawl Stone Soup version 0.22-a0-284-g99d1f74 (webtiles) character file.

14 Amnesiac the Stinger (level 2, 0/22 HPs)
             Began as a Tengu Venom Mage on Mar 22, 2018.
             Slain by a kobold (3 damage)
             ... on level 2 of the Dungeon.
             The game lasted 00:02:15 (304 turns).

Amnesiac the Stinger (Tengu Venom Mage)              Turns: 304, Time: 00:02:16

Health: 0/22       AC: 21    Str:  8    XL:     2   Next: 41%
Magic:  2/6        EV:  2    Int: 15    God:
Gold:   8          SH:  0    Dex: 14    Spells: 2/5 levels left

rFire    . . .     SeeInvis .   (no weapon)
rCold    . . .     Gourm    .   (no shield)
rNeg     + + +     Faith    .   (armour currently unavailable)
rPois    +         Spirit   .   (helmet currently unavailable)
rElec    .         Reflect  .   (cloak currently unavailable)
rCorr    .         Harm     .   (gloves currently unavailable)
MR       .....     NoTele   +   (boots unavailable)
Stlth    ++........             (no amulet)
HPRegen  0.07/turn              d - ring of positive energy
MPRegen  0.10/turn              e - ring of wizardry

@: tree-form
A: no striking features
a: no special abilities


You were on level 2 of the Dungeon.
You were not hungry.
You were a tree.
You visited 1 branch of the dungeon, and saw 2 of its levels.

You collected 8 gold pieces.

Inventory:

Armour
 a - a +0 robe (melded)
Jewellery
 d - a ring of positive energy (left branch)
 e - a ring of wizardry (right branch)
Scrolls
 g - a scroll of identify {!r, unknown}
Comestibles
 b - 3 chunks of flesh
 c - a ration


   Skills:
 - Level 2.1 Dodging
 - Level 2.0 Stealth
 - Level 2.0 Spellcasting
 - Level 3.0 Conjurations
 + Level 1.0 Air Magic
 - Level 3.0 Poison Magic


You had 2 spell levels left.
You knew the following spells:

 Your Spells              Type           Power        Failure   Level  Hunger
a - Poisonous Vapours     Pois/Air       #.....       6%          2    ###....
b - Sting                 Conj/Pois      ##..         2%          1    #......


Dungeon Overview and Level Annotations

Branches:
Dungeon (2/15)

Altars:


Innate Abilities, Weirdness & Mutations

((You have a beak for a mouth.))
((You have claws for feet.))


Message History

The giant cockroach waves its antennae.
The bat barely misses you. The bat misses you. The bat barely misses you.
The giant cockroach bites you but does no damage.
The giant cockroach barely misses you. The bat completely misses you.
Some of the chunks of flesh in your inventory have rotted away.
The bat hits you but does no damage. The bat barely misses you.
The bat hits you but does no damage. The bat hits you.
* * * LOW HITPOINT WARNING * * *
The bat closely misses you. The bat closely misses you.
The bat closely misses you. The bat hits you.
* * * LOW HITPOINT WARNING * * *
The bat hits you but does no damage. The bat misses you.
The bat hits you but does no damage. The bat hits you.
* * * LOW HITPOINT WARNING * * *
Casting: Poisonous Vapours (safe; 6% risk of failure)
Confirm with . or Enter, or press ? or * to list all spells.
Aiming: Poisonous Vapours (safe; 6% risk of failure)
Press: ? - help, Dir - move target cursor, f - giant cockroach
Aim: a giant cockroach (clinging) Poisonous vapours surround the giant cockroach!
The bat barely misses you. x2; The giant cockroach is poisoned.
The bat hits you but does no damage. The bat misses you.
You kill the giant cockroach!
The bat barely misses you. x2
The bat closely misses you.
The bat hits you but does no damage. x2; The bat barely misses you.
The bat hits you.
* * * LOW HITPOINT WARNING * * *
The bat closely misses you. The bat hits you.
* * * LOW HITPOINT WARNING * * *
The bat closely misses you. The bat hits you.
* * * LOW HITPOINT WARNING * * *
The bat hits you but does no damage. The bat misses you.
Casting: Poisonous Vapours (safe; 6% risk of failure)
Confirm with . or Enter, or press ? or * to list all spells.
Aiming: Poisonous Vapours (safe; 6% risk of failure)
Press: ? - help, Dir - move target cursor, f - bat
Aim: a bat Poisonous vapours surround the bat!
The bat is engulfed in poison gas.
The bat is poisoned.
The bat completely misses you.
The bat is engulfed in poison gas.
The bat looks even sicker.
You kill the bat!
Your Air Magic skill increases to level 1!
The kobold closely misses you.
Some of the chunks of flesh in your inventory have rotted away.
A leopard gecko comes into view.
The leopard gecko hisses angrily.
There is a stone staircase leading down here.
The kobold closely misses you.
You climb downwards.
An adder and a goblin come into view.
The adder hisses angrily.
Found a large shield, 17 sling bullets, 17 arrows and 7 gold pieces.
There is a stone staircase leading up here.
Really quaff
f - a bubbling orange potion {!q}?
It was a potion of lignification {!q}.
You turn into a tree.
Your roots penetrate the ground.
The kobold hits you.
You die...

....##..##..##
.............##
...............
......$........
...............
...............
......[........
.......♣......#
..S.....K(..g..
..............(
.....#.........
#########.....#
#...## ####


You could see an adder, a goblin (sleeping) and a kobold.

Vanquished Creatures
  A leopard gecko (D:1)
  A giant cockroach (D:1)
  2 goblins (D:1)
  2 hobgoblins (D:1)
  3 bats (D:1)
  A frilled lizard (D:1)
  A kobold (D:1)
  2 rats (D:1)
13 creatures vanquished.

Notes
Turn   | Place    | Note
-------+----------+-------------------------------------------
     0 | D:1      | Amnesiac the Tengu Venom Mage began the quest for the Orb.
     0 | D:1      | Reached XP level 1. HP: 10/10 MP: 4/4
   183 | D:1      | Reached XP level 2. HP: 15/15 MP: 0/6
   187 | D:1      | Learned a level 2 spell: Poisonous Vapours
   281 | D:1      | Reached skill level 1 in Air Magic
   304 | D:2      | Slain by a kobold

Vault maps used:
D:1:      scummos_arrival_forest
D:2:      led_sif_pool, lemuel_doored_altar

Skill      XL: |  1  2 |
---------------+-------+-----
Conjurations   | 2 3 |  3.0
Air Magic      | 1 |  1.0
Dodging        | |  2.1
Stealth        | |  2.0
Spellcasting   | |  2.0
Poison Magic   | |  3.0

Action                   || total
-------------------------++-------
Melee: Unarmed           ||     4
       Kick              ||     1
       Peck              ||     1
 Cast: Sting             ||    15
       Poisonous Vapours ||     5
  Use: Potion            ||     1
Armor: Robe              ||    42
Dodge: Dodged            ||    61

Table legend:
 A = Spawn XP
 B = Non-spawn XP
 C = Spawn XP percentage of total XP
 D = Spawn monster count
 E = Non-spawn monster count
 F = Spawn count percentage of total count
 G = Total turns spent on level
                    A         B        C        D         E        F      G
               +---------+---------+-------+---------+---------+-------+---------
         Total |       0 |      20 |   0.0 |       0 |      13 |   0.0 |   304
               +---------+---------+-------+---------+---------+-------+---------
           D:1 |       0 |      20 |   0.0 |       0 |      13 |   0.0 |   303
               +---------+---------+-------+---------+---------+-------+---------
